 Dungeon Crawl Stone Soup version 0.30-a0-949-g53dc5368d7 (webtiles) character file.

Game seed: 8654231574754266509

114 BlueFish the Grasshopper (level 4, -1/30 HPs)
             Began as an Octopode Warper on Mar 27, 2023.
             Shot with an arrow by a centaur (8 damage)
             ... on level 3 of the Dungeon.
             The game lasted 00:03:33 (2152 turns).

BlueFish the Grasshopper (Octopode Warper)          Turns: 2152, Time: 00:03:33

Health: -1/30      AC:  1    Str: 12    XL:     4   Next: 98%
Magic:  16/16      EV: 13    Int: 15    God:
Gold:   114        SH:  0    Dex: 11    Spells: 0/7 levels left

rFire   . . .      SeeInvis .    o - +0 whip
rCold   + . .      Faith    .    (no shield)
rNeg    . . .      Spirit   .    (helmet restricted)
rPois   .          Reflect  .    (no amulet)
rElec   .          Rampage  .    l - ring of magical power
rCorr   .                        c - ring of protection from cold
Will    .....                    (no ring)
Stlth   +++                      (no ring)
HPRegen 0.25/turn                (no ring)
MPRegen 0.15/turn                (no ring)
                                 (no ring)
                                 (no ring)

@: attractive
A: almost no armour, amphibious, 8 rings, camouflage 1, gelatinous body 1,
(nimble swimmer 1), tentacles
a: no special abilities


You were on level 3 of the Dungeon.
You visited 1 branch of the dungeon, and saw 3 of its levels.

You collected 114 gold pieces.

Inventory:

Hand Weapons
 o - a +0 whip (weapon)
Missiles
 b - 7 boomerangs of dispersal
 d - 30 stones (quivered)
 r - 3 boomerangs
Jewellery
 c - a ring of protection from cold (right tentacle)
 l - a ring of magical power (left tentacle)
Scrolls
 a - a scroll of blinking
 m - a scroll of noise {unknown}
 n - a scroll of butterflies {unknown}
 p - a scroll of amnesia {unknown}
Potions
 e - 2 potions of attraction
 f - a potion of haste {unknown}
 g - 2 potions of berserk rage {unknown}
 h - a potion of heal wounds {unknown}
 i - a potion of brilliance {unknown}
 j - 2 potions of ambrosia {unknown}
 k - 3 potions of curing {unknown}
 q - a potion of mutation {unknown}


   Skills:
 + Level 2.6 Fighting
 + Level 1.0 Maces & Flails
 + Level 1.6 Throwing
 + Level 2.7 Dodging
 * Level 2.9 Stealth
 + Level 2.3 Unarmed Combat
 + Level 2.3 Spellcasting
 + Level 3.3 Translocations


You couldn't memorise any spells.
You knew the following spells:

 Your Spells              Type           Power      Damage    Failure   Level
a - Blink                 Tloc           22%        N/A       9%          2
b - Lesser Beckoning      Tloc           22%        N/A       9%          2
c - Teleport Other        Tloc           11%        N/A       16%         3

Your spell library contained the following spells:

 Spells                   Type           Power      Damage    Failure   Level
 Vhi's Electric Charge    Tloc/Air       12%        N/A       32%         3
 Manifold Assault         Tloc           11%        N/A       47%         4
 Inner Flame              Hex/Fire       1%         N/A       54%         3
 Anguish                  Hex/Necr       0%         N/A       91%         4
 Cause Fear               Hex            0%         N/A       91%         4
 Enfeeble                 Hex            0%         N/A       100%        7
 Discord                  Hex            0%         N/A       100%        8


Dungeon Overview and Level Annotations

Branches:
Dungeon (3/15)

Altars:
Yredelemnul


Innate Abilities, Weirdness & Mutations

You cannot wear most types of armour.
You are amphibious.
You can wear up to eight rings at the same time.
Your skin changes colour to match your surroundings (Stealth+).
Your rubbery body absorbs attacks. (AC +1, EV +1)
((You are camouflaged when in or above water. (Stealth+)))
You have tentacles for arms and can constrict up to eight enemies at once.


Message History

The ball python constricts you.
You hit the ball python.
You kill the ball python!
You hit the hound. Your grab misses the hound.
The hound is moderately wounded.
The hound bites you. The hound closely misses you.
You hit the hound. Your grab misses the hound.
The hound is heavily wounded.
The hound bites you. The hound barely misses you.
You miss the hound. Your grab misses the hound.
The hound is heavily wounded.
The hound misses you.
You hit the hound. You grab the hound.
The hound is severely wounded.
You constrict the hound, but do no damage.
The hound bites you. The hound completely misses you.
You hit the hound.
The hound is severely wounded.
You constrict the hound, but do no damage.
The hound pauses to sniff the ground.
The hound barely misses you.
You hit the hound. You squeeze the hound.
The hound is almost dead.
You constrict the hound.
You kill the hound!
The centaur wields a +0 shortbow.
The centaur shoots an arrow.
The arrow hits you.
You hear an angry hiss.
Your Maces & Flails skill increases to level 1!
You hit the giant cockroach. You grab the giant cockroach.
The giant cockroach is almost dead.
You constrict the giant cockroach.
You kill the giant cockroach!
The centaur shoots an arrow.
The arrow hits you!
* * * LOW HITPOINT WARNING * * *
It was a potion of attraction.
You feel attractive to monsters.
The centaur shoots an arrow.
The arrow closely misses you.
The centaur shoots an arrow.
The arrow hits you!
You die...

>......##
##..........
.###)..#
#...#####.
......## ##..#
#####.# #..#
#..+ #..#
#.#########.###
#.#.......#..c#
#.#[......'.#†#
#.#$r.....#.#@#
#.#########.#.#
#..+ ..#.# ..
#..# .##.. ..
#..#######.##..
..g...#.
#...#..†#..##...
K.....#.
#...##.##.# ####
......#.##
##...#'#..#
......#..##
#.#..)...#
......##..##


You could see a centaur.

Vanquished Creatures
  A hound (D:3)
  2 adders (D:2)
  2 worms (D:2)
  A dart slug (D:2)
  7 ball pythons
  7 bats
  7 endoplasms
  4 giant cockroaches
  2 goblins
  4 hobgoblins
  7 quokkas
  A frilled lizard (D:1)
  4 kobolds
  5 rats
54 creatures vanquished.

Vanquished Creatures (others)
  6 plants (D:2)
6 creatures vanquished.

Grand Total: 60 creatures vanquished

Notes
Turn   | Place    | Note
-------+----------+-------------------------------------------
     0 | D:1      | BlueFish the Octopode Warper began the quest for the Orb.
     0 | D:1      | Reached XP level 1. HP: 14/14 MP: 3/3
   208 | D:1      | Reached skill level 1 in Stealth
   208 | D:1      | Reached XP level 2. HP: 19/19 MP: 5/5
   211 | D:1      | Learned a level 2 spell: Blink
   214 | D:1      | Learned a level 2 spell: Lesser Beckoning
   856 | D:2      | Reached XP level 3. HP: 23/24 MP: 6/6
   863 | D:2      | Found a basalt altar of Yredelemnul.
  1409 | D:2      | Reached XP level 4. HP: 30/30 MP: 7/7
  1428 | D:2      | Learned a level 3 spell: Teleport Other
  2134 | D:3      | Noticed a centaur
  2151 | D:3      | Reached skill level 1 in Maces & Flails
  2152 | D:3      | Shot with an arrow by a centaur

Illustrated notes

Levels and vault maps discovered:
D:1:      evilmike_arrival_hilbert_curve, layout_basic, nicolae_titane
D:2:      wad_woods_stonehenge, layout_basic, minmay_heptomino_d4
D:3:      layout_basic, vehumet_altar_wand_db, serial_shops,
          nicolae_shop_statue_plus, minmay_divided_ellipse

Skill      XL: |  1  2  3  4 |
---------------+-------------+-----
Stealth        | 1 2 |  2.9
Maces & Flails | 1 |  1.0
Fighting       | |  2.6
Throwing       | |  1.6
Dodging        | |  2.7
Unarmed Combat | |  2.3
Spellcasting   | |  2.3
Translocations | |  3.3

Action                     |  1- 3 |  4- 6 || total
---------------------------+-------+-------++-------
  Melee: Club              |    63 |       ||    63
         Tentacles         |    24 |     9 ||    33
         Constrict         |    15 |    15 ||    30
         Unarmed           |     1 |       ||     1
         Whip              |     3 |    58 ||    61
         Punch             |     1 |       ||     1
    Use: Potion            |       |     1 ||     1
   Stab: Sleeping          |    10 |     5 ||    15
 Armour: Skin              |     5 |     2 ||     7
  Dodge: Dodged            |    40 |    36 ||    76

Table legend: (Time is in decaauts)
 A = Elapsed time spent in this place.
 B = Non-inter-level travel time spent in this place.
 C = Inter-level travel time spent in this place.
 D = Time resting spent in this place.
 E = Time spent auto-exploring this place.
 F = Levels seen in this place.
 G = Mean time per level.
                   A        B        C        D        E       F      G
               +--------+--------+--------+--------+--------+-----+--------+
         Total |   2171 |   2132 |     39 |      0 |   1677 |   3 |  723.7 |
       Dungeon |   2171 |   2132 |     39 |      0 |   1677 |   3 |  723.7 |
               +--------+--------+--------+--------+--------+-----+--------+

Top non-repeatable levels by time:
     D:2: 1036 daAuts
     D:1: 800 daAuts
     D:3: 334 daAuts
